 Dungeon Crawl Stone Soup version 0.31-a0-496-g6f97920a28 (webtiles) character file.

Game seed: 16453070870435257225

16297 bmack86 the Severer (level 12, -9/103 HPs)
             Began as a Minotaur Fighter on Aug 8, 2023.
             Was a High Priest of Okawaru.
             Mangled by a skeletal warrior
             ... wielding a +0 glaive
              (25 damage)
             ... on level 12 of the Dungeon.
             The game lasted 00:27:00 (8671 turns).

bmack86 the Severer (Minotaur Fighter)              Turns: 8671, Time: 00:27:00

Health: -9/103     AC: 23    Str: 30    XL:     12   Next: 8%
Magic:  17/17      EV:  7    Int:  5    God:    Okawaru [*****.]
Gold:   307        SH:  5    Dex: 10    Spells: 11/11 levels left

rFire   . . .        a - +2 war axe (vamp)
rCold   . . .        c - +0 buckler
rNeg    . . .        l - +0 plate armour
rPois   .            b - +1 hat
rElec   +            D - +2 cloak {Will+}
rCorr   .            G - +0 pair of gloves
SInv    .            v - +0 pair of boots
Will    ++...        m - amulet of regeneration Stlth
                     j - +4 ring of protection
HPRegen 1.17/turn    e - ring "Qagopn" {Fly rElec Will+ Str+4}
MPRegen 0.15/turn

%: no passive effects
@: flying, studying Long Blades
A: horns 2, retaliatory headbutt
a: Renounce Religion, Heroism, Finesse, Duel


You were on level 12 of the Dungeon.
You worshipped Okawaru.
Okawaru was extremely pleased with you.
You visited 2 branches of the dungeon, and saw 13 of its levels.

You collected 523 gold pieces.
You spent 216 gold pieces at shops.

Inventory:

Hand Weapons
 a - a +2 vampiric war axe (weapon)
 B - a +3 scimitar of flaming
Missiles
 s - 6 boomerangs
 E - 8 javelins
Armour
 b - a +1 hat (worn)
 c - a +0 buckler (worn)
 l - a +0 plate armour (worn)
 p - a +0 pair of boots
 v - a +0 pair of boots (worn)
 D - a +2 cloak of willpower (worn)
 G - a +0 pair of gloves (worn)
Jewellery
 e - the ring "Qagopn" (right hand) {Fly rElec Will+ Str+4}
   (You found it on level 6 of the Dungeon)

   [ring of flight]

   Str:       It affects your strength (+4).
   rElec:     It insulates you from electricity.
   Fly:       It grants you flight.
   Will:      It increases your willpower.
 g - a ring of see invisible
 j - a +4 ring of protection (left hand)
 m - an amulet of regeneration (around neck)
 F - an amulet of magic regeneration
Wands
 f - a wand of quicksilver (18)
 t - a wand of digging (1)
 y - a wand of flame (28) (quivered)
 C - a wand of iceblast (11)
Scrolls
 k - 2 scrolls of teleportation
 n - 4 scrolls of brand weapon
 o - a scroll of revelation
 u - a scroll of fog
Potions
 d - a potion of berserk rage {unknown}
 h - 6 potions of curing
 i - a potion of lignification {unknown}
 q - 2 potions of ambrosia
 r - 6 potions of enlightenment
 w - 3 potions of heal wounds {unknown}
 x - 5 potions of attraction
 z - 3 potions of mutation
 A - a potion of brilliance {unknown}


   Skills:
 * Level 8.5 Fighting
 - Level 18.0 Axes
 + Level 6.4 Armour
 + Level 7.4 Shields
 + Level 8.4 Invocations


You had 11 spell levels left.
You didn't know any spells.
Your spell library contained the following spells:

 Spells                   Type           Power      Damage    Failure   Level
 Kiss of Death            Conj/Necr      0%         2d5       99%         1
 Confusing Touch          Hex            0%         N/A       100%        3
 Portal Projectile        Hex/Tloc       0%         N/A       100%        3
 Stone Arrow              Conj/Erth      0%         3d7       100%        3
 Dispel Undead            Necr           0%         3d6       100%        4
 Leda's Liquefaction      Hex/Erth       0%         N/A       100%        4
 Borgnjor's Vile Clutch   Necr/Erth      0%         N/A       100%        5
 Lehudib's Crystal Spear  Conj/Erth      0%         10d2      100%        8
 Call Canine Familiar     Summ           Unusable   N/A       N/A         3
 Animate Armour           Summ/Erth      Unusable   N/A       N/A         4
 Animate Dead             Necr           Unusable   N/A       N/A         4
 Death Channel            Necr           Unusable   N/A       N/A         6

Dungeon Overview and Level Annotations

Branches:
Dungeon (12/15)            Temple (1/1) D:6            Lair (0/5) D:8
    Orc (0/2) D:9

Altars:
Ashenzari
Cheibriados
Dithmenos
Elyvilon
Fedhas
Gozag
Hepliaklqana
Kikubaaqudgha
Makhleb
Nemelex Xobeh
Okawaru
Qazlal
Ru
Sif Muna
Trog
Uskayaw
Vehumet
Wu Jian
Xom
Yredelemnul
Zin
The Shining One

Shops:
D:10 *[?[   D:11 *

Annotations:
D:5 3 runed translucent doors, deremet's ghost, novice GnDe; deremet's ghost, weakling GnDe; justen's ghost, amateur HOFi; knightboat's ghost, amateur VSBr; sunglassesatnite's ghost, novice MiBe
D:7 2 transporters, Farjai's ghost, novice DsNe


Innate Abilities, Weirdness & Mutations

You have a pair of horns on your head.
You reflexively headbutt those who attack you in melee.


Message History

There is an open door here.
Done exploring.
There is an open door here.
There is a stone staircase leading down here.
You fly downwards.
There is a stone staircase leading up here.
Found a stone staircase leading down. 2 skeletal warriors come into view.
Found a ring mail.
A skeletal warrior comes into view. It is wielding a +0 glaive.
There is a stone staircase leading up here.
The skeletal warrior hits you but does no damage.
Unknown command.
The skeletal warrior hits you with a +0 glaive!!
The skeletal warrior hits you with a +0 flail!
You slash the skeletal warrior!
The skeletal warrior is moderately damaged.
You slash the skeletal warrior! You slash the skeletal warrior!
The skeletal warrior is moderately damaged.
You slash the skeletal warrior!
The skeletal warrior hits you with a +0 flail!
The skeletal warrior hits you with a +0 glaive!
You hit the skeletal warrior but do no damage.
The skeletal warrior is moderately damaged.
You barely miss the skeletal warrior.
The skeletal warrior hits you with a +0 flail!
The skeletal warrior hits you with a +0 glaive!
You slash the skeletal warrior!
Your headbutt misses the skeletal warrior.
The skeletal warrior is heavily damaged.
You hit the skeletal warrior but do no damage.
The skeletal warrior hits you from afar with a +0 glaive!
* * * LOW HITPOINT WARNING * * *
There is a stone staircase leading up, spattered with blood here.
You block the skeletal warrior's attack.
The skeletal warrior hits you from afar with a +0 glaive!
* * * LOW HITPOINT WARNING * * *
The skeletal warrior hits you from afar with a +0 glaive!!
You die...

.............#
.............#
#...>.....# #.........#
#.........# #
#.........# .#
#.........######..###
.............z.........
..............zz@.......
....................####
##################..#
..# .# .# . ..


You could see 3 skeletal warriors.

Vanquished Creatures
  Erica (D:8)
  A two-headed ogre (D:9)
  Urug (D:10)
  4 skeletal warriors (D:11)
  Amaemon (D:11)
  A cyclops (D:11)
  An orange demon (D:10)
  Maurice (D:8)
  Joseph (D:9)
  Maggie (D:8)
  A komodo dragon (D:11)
  2 trolls
  Grinder (D:4)
  Sigmund (D:2)
  4 wyverns
  4 basilisks (D:8)
  A vampire (D:9)
  A wraith (D:10)
  19 yaks
  3 steam dragons
  Edmund (D:5)
  Menkaure (D:7)
  A water moccasin (D:5)
  3 sky beasts
  An orc warrior (D:9)
  3 ice beasts
  A black bear (D:6)
  6 centaurs
  6 phantoms
  2 kobold brigands
  6 bullfrogs
  3 scorpions
  3 jellies
  13 killer bees
  4 howler monkeys
  9 orc priests
  11 hounds
  3 sleepcaps (D:6)
  5 iguanas
  7 orc wizards
  Natasha (thrice) (D:4)
  Robin (D:2)
  8 adders
  A shadow imp (D:6)
  2 white imps (D:7)
  An ufetubus (D:6)
  3 dart slugs
  34 orcs
  5 ball pythons
  3 bats (D:3)
  5 endoplasms
  3 giant cockroaches
  12 goblins
  11 hobgoblins
  4 jackals (D:4)
  3 quokkas
  A frilled lizard (D:3)
  12 kobolds
  6 rats
257 creatures vanquished.

Vanquished Creatures (others)
  3 kobolds (D:6)
3 creatures vanquished.

Grand Total: 260 creatures vanquished

Notes
Turn   | Place    | Note
-------+----------+-------------------------------------------
     0 | D:1      | bmack86 the Minotaur Fighter began the quest for the Orb.
     0 | D:1      | Reached XP level 1. HP: 19/19 MP: 0/0
    54 | D:1      | Reached skill level 3 in Axes
   140 | D:1      | Reached XP level 2. HP: 26/26 MP: 1/1
   695 | D:2      | Reached skill level 4 in Axes
   788 | D:2      | Found a faded altar of an unknown god.
   809 | D:2      | Reached XP level 3. HP: 29/31 MP: 2/2
   842 | D:2      | Noticed Robin
   856 | D:2      | Killed Robin
   858 | D:2      | Reached skill level 5 in Axes
   989 | D:2      | Noticed Sigmund
  1002 | D:2      | Killed Sigmund
  1003 | D:2      | Reached skill level 7 in Axes
  1003 | D:2      | Reached XP level 4. HP: 38/39 MP: 3/3
  1003 | D:2      | Reached XP level 5. HP: 44/45 MP: 4/4
  1469 | D:3      | Reached XP level 6. HP: 51/51 MP: 5/5
  1714 | D:4      | Noticed Grinder
  1733 | D:4      | Found a radiant altar of Vehumet.
  1736 | D:4      | Paralysed by Grinder for 3 turns
  1740 | D:4      | Killed Grinder
  1741 | D:4      | Reached skill level 9 in Axes
  1820 | D:4      | Found an ancient bone altar of Kikubaaqudgha.
  1865 | D:4      | Found a shadowy altar of Dithmenos.
  1907 | D:4      | Noticed Natasha
  1913 | D:4      | Reached XP level 7. HP: 49/57 MP: 6/6
  1917 | D:4      | Killed Natasha
  2163 | D:4      | Noticed Natasha
  2171 | D:4      | Killed Natasha
  2307 | D:4      | Noticed Natasha
  2313 | D:4      | Killed Natasha
  2314 | D:4      | Reached skill level 10 in Axes
  2341 | D:5      | Entered Level 5 of the Dungeon
  2619 | D:5      | Reached skill level 11 in Axes
  2728 | D:5      | Reached XP level 8. HP: 64/64 MP: 7/7
  2807 | D:5      | Noticed a troll
  2817 | D:5      | Killed a troll
  2818 | D:5      | Reached skill level 12 in Axes
  2907 | D:5      | Noticed Edmund
  2922 | D:5      | Killed Edmund
  2923 | D:5      | Reached skill level 13 in Axes
  3044 | D:5      | Found a white marble altar of Elyvilon.
  3044 | D:5      | Found a sparkling altar of Nemelex Xobeh.
  3078 | D:5      | Reached skill level 14 in Axes
  3078 | D:5      | Reached XP level 9. HP: 56/70 MP: 8/8
  3109 | D:5      | Found a runed translucent gate.
  3109 | D:5      | Found a runed translucent gate.
  3109 | D:5      | Found a runed translucent gate.
  3111 | D:5      | Noticed deremet's ghost (weakling GnDe)
  3111 | D:5      | Noticed sunglassesatnite's ghost (novice MiBe)
  3112 | D:5      | Noticed knightboat's ghost (amateur VSBr)
  3113 | D:5      | Noticed justen's ghost (amateur HOFi)
  3113 | D:5      | Noticed deremet's ghost (novice GnDe)
  3416 | D:6      | Found a staircase to the Ecumenical Temple.
  3431 | Temple   | Entered the Ecumenical Temple
  3446 | Temple   | Became a worshipper of Warmaster Okawaru
  3496 | D:6      | Found a sacrificial altar of Ru.
  3543 | D:6      | Found a broken altar of Ashenzari.
  3610 | D:6      | Reached skill level 1 in Invocations
  3930 | D:6      | Identified the ring "Qagopn" {Fly rElec Will+ Str+4}
  4105 | D:6      | Reached * piety under Okawaru
  4106 | D:6      | Reached skill level 15 in Axes
  4378 | D:7      | Found a transporter.
  4382 | D:7      | Noticed Farjai's ghost (novice DsNe)
  4411 | D:7      | Found a transporter.
  4700 | D:7      | Reached ** piety under Okawaru
  4745 | D:7      | Noticed Menkaure
  4752 | D:7      | Killed Menkaure
  5265 | D:8      | Noticed Maggie
  5277 | D:8      | Reached skill level 16 in Axes
  5286 | D:8      | Killed Maggie
  5287 | D:8      | Reached XP level 10. HP: 56/75 MP: 12/12
  5371 | D:8      | Noticed Erica
  5386 | D:8      | Killed Erica
  5387 | D:8      | Reached skill level 5 in Invocations
  5430 | D:8      | Noticed Maurice
  5442 | D:8      | Killed Maurice
  5582 | D:8      | Found a blossoming altar of Fedhas.
  5623 | D:8      | Reached *** piety under Okawaru
  5632 | D:8      | Reached skill level 17 in Axes
  5935 | D:8      | Reached **** piety under Okawaru
  5953 | D:8      | Received a gift from Okawaru
  5985 | D:8      | Found a staircase to the Lair.
  6342 | D:9      | Found a snail-covered altar of Cheibriados.
  6421 | D:9      | Reached skill level 18 in Axes
  6421 | D:9      | Reached XP level 11. HP: 82/82 MP: 15/15
  6443 | D:9      | Found a staircase to the Orcish Mines.
  6586 | D:9      | Found a glowing golden altar of the Shining One.
  6596 | D:9      | Noticed Joseph
  6621 | D:9      | Killed Joseph
  6621 | D:9      | Reached ***** piety under Okawaru
  6962 | D:9      | Noticed a two-headed ogre
  6981 | D:9      | Killed a two-headed ogre
  7113 | D:9      | Reached skill level 5 in Shields
  7182 | D:10     | Entered Level 10 of the Dungeon
  7182 | D:10     | Found Lezxo's Armour Emporium.
  7191 | D:10     | Found a shimmering altar of Xom.
  7205 | D:10     | Reached skill level 5 in Fighting
  7259 | D:10     | Found Anesenke's Magic Scroll Boutique.
  7264 | D:10     | Bought a +0 pair of boots for 76 gold pieces
  7273 | D:10     | Bought a scroll of identify for 34 gold pieces
  7273 | D:10     | Bought a scroll of identify for 34 gold pieces
  7312 | D:10     | Found a glowing silver altar of Zin.
  7313 | D:10     | Noticed Urug
  7381 | D:10     | Killed Urug
  7483 | D:10     | Found Pethrial's Armour Emporium.
  7489 | D:10     | Bought a +0 pair of gloves for 72 gold pieces
  7523 | D:10     | Found an ornate altar of the Wu Jian Council.
  7578 | D:10     | Found Qimuof's Changing Room.
  7646 | D:10     | Noticed Amaemon
  7681 | D:11     | Killed Amaemon
  7682 | D:11     | Reached skill level 5 in Armour
  7712 | D:11     | Noticed a skeletal warrior
  7873 | D:10     | Found a hazy altar of Hepliaklqana.
  8353 | D:11     | Found Gueck's Demolitions Depot.
  8366 | D:11     | Noticed a skeletal warrior
  8372 | D:11     | Killed a skeletal warrior
  8372 | D:11     | Noticed a skeletal warrior
  8382 | D:11     | Killed a skeletal warrior
  8392 | D:11     | Killed a skeletal warrior
  8433 | D:11     | Noticed a skeletal warrior
  8447 | D:11     | Killed a skeletal warrior
  8448 | D:11     | Reached XP level 12. HP: 86/103 MP: 15/17
  8671 | D:12     | Mangled by a skeletal warrior

Illustrated notes

Levels and vault maps discovered:
D:1:      nzn_arrival_crosshair, layout_basic, grunt_decor_junction,
          item_on_display_a
D:2:      layout_rooms, shapermc_ecumenical_altar_venn, uniq_robin, uniq_sigmund
D:3:      layout_basic
D:4:      layout_basic, nicolae_overflow_crystal_walls, lemuel_crystal_altar,
          fiery_altar_vehumet, serial_glass, glass_columns_a, glass_columns_a,
          glass_columns_b, uniq_grinder, uniq_natasha
D:5:      minmay_angry_zag, layout_gridville,
          chequers_temple_overflow_statue_of_worship, gammafunk_ghost_cemetery,
          minmay_manual_mullet, uniq_edmund
D:6:      minmay_skewed_foursquare, layout_loops_ring, lemuel_doored_altar,
          kennysheep_mini_moat, minmay_temple_entry_proselytizer,
          kennysheep_dice
D:7:      layout_basic, gammafunk_ghost_stat_death, chequers_avenue,
          uniq_menkaure
D:8:      layout_loops_corners, fedhas_ov_isle_minmay, erik_lair_dragon,
          uniq_maurice, uniq_maggie, uniq_erica
D:9:      layout_loops_cross, mainiacjoe_overflow_catwalk,
          mainiacjoe_overflow_cross_hatched, orc_0_dummy, uniq_joseph
D:10:     layout_rooms, lemuel_crystal_altar, xom_teletrap_fun,
          lemuel_tele_altar, nicolae_hepliaklqana_hippocampus, serial_shops,
          nicolae_shop_tiny_real_fake_doors, nicolae_wooded_promenade,
          nicolae_transmutations_shop, uniq_urug, uniq_amaemon
D:11:     layout_roguey, nicolae_blasting_shop, minivault_24
D:12:     layout_small_grid, uniq_azrael
Temple:   hellmonk_temple_of_storms

Skill      XL: |  1  2  3  4  5  6  7  8  9 10 11 |
---------------+----------------------------------+-----
Axes           | 3 4 7 9 11 14 16 18 | 18.0
Invocations    | 4 7 8 |  8.4
Fighting       | 8 |  8.5
Shields        | 7 |  7.4
Armour         | 6 |  6.4

Action                     |  1- 3 |  4- 6 |  7- 9 | 10-12 || total
---------------------------+-------+-------+-------+-------++-------
  Melee: War axe           |    70 |    75 |   315 |   374 ||   834
         Headbutt          |     9 |    14 |    60 |    78 ||   161
  Throw: Boomerang         |       |       |     2 |       ||     2
 Invoke: Heroism           |       |       |       |     7 ||     7
         Finesse           |       |       |       |     2 ||     2
  Evoke: Wand              |       |       |     3 |       ||     3
    Use: Scroll            |       |     1 |     9 |     8 ||    18
         Potion            |       |     1 |       |     1 ||     2
 Armour: Scale mail        |    13 |       |       |       ||    13
         Chain mail        |     7 |       |       |       ||     7
         Plate armour      |    28 |    71 |   184 |   207 ||   490
  Dodge: Dodged            |    27 |    27 |    93 |   107 ||   254
  Block: Buckler           |    21 |    15 |    62 |    75 ||   173

Table legend: (Time is in decaauts)
 A = Elapsed time spent in this place.
 B = Non-inter-level travel time spent in this place.
 C = Inter-level travel time spent in this place.
 D = Time resting spent in this place.
 E = Time spent auto-exploring this place.
 F = Levels seen in this place.
 G = Mean time per level.
                   A        B        C        D        E       F      G
               +--------+--------+--------+--------+--------+-----+--------+
         Total |   8583 |   8326 |    257 |    109 |   5452 |  13 |  660.2 |
       Dungeon |   8558 |   8309 |    249 |    109 |   5452 |  12 |  713.2 |
        Temple |     24 |     16 |      8 |      0 |      0 |   1 |   24.0 |
               +--------+--------+--------+--------+--------+-----+--------+

Top non-repeatable levels by time:
     D:8: 1136 daAuts
     D:5: 1098 daAuts
     D:6: 881 daAuts
     D:9: 849 daAuts
     D:7: 779 daAuts
     D:1: 702 daAuts
    D:11: 702 daAuts
    D:10: 695 daAuts
     D:4: 639 daAuts
     D:3: 578 daAuts
     D:2: 464 daAuts
    D:12: 31 daAuts
  Temple: 24 daAuts
